cohdb
Replays
Latest Replays
All Replays
Popular Replays
Top Player Replays
Match Explorer
How It Works
Community
CoH3 Stats
Reddit
Sign in to upload your games and track your stats! →
Sign in with Steam
Match 45450812
Unlisted
Match 45450812
Overview
Messages
Build Orders
End
Panzergrenadier Squad
250 Light Carrier
Selects Panzerjäger Kommand Battlegroup
Panzergrenadier Squad
Construct Light Support Kompanie
Selects Mine Fields
Selects Tank Busters
Fire Support Elements
Panzerpioneer Squad
Vehicle Survival Package
Flakvierling Half-track
Panzerjäger Mechanized Group
Flakvierling Half-track
Selects Defensive Positions
Construct Mechanized Kompanie
Selects Butterfly Bomb Drop
254 Reconnaissance Tractor
Emergency Repair Kits
Selects Butterfly Bomb Drop
Panzerjäger Mechanized Group
Butterfly Bomb Drop
Selects Crew Shock Tactics
StuG III D Assault Gun
Marder III Tank Destroyer
Marder III Tank Destroyer
AI Takeover
MAZ Killer ju
JanusOhneJ
Fighter x
Sparkle
Mo-J
Wheeler
0
0
Comments
sign in to comment!
No comments posted yet!